 Dungeon Crawl Stone Soup version 0.30-a0-879-ga8ba668304 (webtiles) character file.

Game seed: 5878890895993812702

729 ThatPearl the Trooper (level 7, -1/64 (66) HPs)
             Began as an Armataur Fighter on Mar 14, 2023.
             Was a Plaything of Xom.
             Killed from afar by an orc wizard (10 damage)
             ... with a puff of flame
             ... on level 4 of the Dungeon on Mar 24, 2023.
             The game lasted 00:08:34 (2419 turns).

ThatPearl the Trooper (Armataur Fighter)            Turns: 2419, Time: 00:08:34

HP:   -1/64 (66)    AC: 14    Str: 22    XL:     7   Next: 44%
MP:   7/7           EV:  7    Int:  8    God:    Xom [..*...]
Gold: 162           SH:  4    Dex: 11    Spells: 6/6 levels left

rFire   . . .      SeeInvis .    a - +0 flail
rCold   . . .      Faith    .    c - +0 buckler
rNeg    . . .      Spirit   .    v - +4 scale mail
rPois   +          Reflect  .    m - +0 helmet
rElec   .          Roll     +    t - +0 cloak
rCorr   .                        x - +0 pair of gloves
Will    .....                    (no barding) Stlth
                                 (no amulet)
HPRegen 0.30/turn                k - ring of poison resistance
MPRegen 0.10/turn                (no ring)

@: mighty, lightly drained
A: large, rugged brown scales 3, deformed body, armoured tail, roll, long
tongue, awkward tongue
a: Renounce Religion


You were on level 4 of the Dungeon.
You worshipped Xom.
You were a toy of Xom.
You visited 1 branch of the dungeon, and saw 4 of its levels.

You collected 162 gold pieces.

Inventory:

Hand Weapons
 a - a +0 flail (weapon)
Missiles
 p - 4 poisoned darts (quivered)
 q - 5 boomerangs
 y - 6 javelins
Armour
 c - a +0 buckler (worn)
 m - a +0 helmet (worn)
 t - a +0 cloak (worn)
 v - a +4 scale mail (worn)
 x - a +0 pair of gloves (worn)
Jewellery
 k - a ring of poison resistance (left hand)
 r - an amulet of faith
Wands
 b - a wand of acid (6)
Scrolls
 g - 5 scrolls of identify {unknown}
 l - a scroll of magic mapping {unknown}
 o - a scroll of fog {unknown}
 s - 3 scrolls of enchant weapon {unknown}
 u - a scroll of noise {unknown}
Potions
 d - a potion of flight {unknown}
 e - 2 potions of curing {unknown}
 f - a potion of cancellation {unknown}
 h - a potion of magic {unknown}
 i - a potion of berserk rage {unknown}
 j - 2 potions of heal wounds {unknown}
 n - 4 potions of degeneration {unknown}
 w - 3 potions of brilliance {unknown}


   Skills:
 + Level 5.8 Fighting
 + Level 5.3 Maces & Flails
 - Level 4.1 Armour
 - Level 3.7 Shields


You had 6 spell levels left.
You didn't know any spells.
Your spell library was empty.

Dungeon Overview and Level Annotations

Branches:
Dungeon (4/15)
 Temple: D:4-7

Altars:
Sif Muna
Xom


Innate Abilities, Weirdness & Mutations

You are completely covered in rugged brown scales. (AC +3, +7% HP)
Armour fits poorly on your strangely shaped body.
You have a long armoured tail.
You roll when moving toward enemies. (Rampage)
Your long tongue fully drains potion bottles. (2x potion effects)
Your tongue gives you trouble enunciating. (1.5x scroll delay)


Message History

Xom plays with reality for a moment.
A chill wind blows around you.
You hear some strange, mumbled words.
A puff of flame appears from out of thin air!
The puff of flame hits you. You block the steam dragon's attack. x2
You hit the steam dragon.
Your tail-slap misses the steam dragon.
The steam dragon is almost dead.
The steam dragon breathes steam at you.
The ball of steam hits you but does no damage.
The orc priest hits your ice beast but does no damage.
Something hits you.
You feel drained.
Your ice beast hits the steam dragon.
Your ice beast freezes the steam dragon!
The steam dragon dies!
The steam dragon scales are intact enough to wear.
Your life force feels restored.
You barely miss something.
You are engulfed in a cloud of scalding steam.
Something hits you.
You feel drained.
The orc priest barely misses your ice beast.
The orc barely misses your ice beast.
Your ice beast hits the orc priest.
Your ice beast freezes the orc priest!
The orc misses your ice beast.
The orc priest hits your ice beast with a +0 dagger.
You hear some strange, mumbled words.
Something tries to affect you, but you resist.
You barely miss something.
You are engulfed in a cloud of scalding steam.
* * * LOW HITPOINT WARNING * * *
Your ice beast hits the orc priest but does no damage.
Something hits you but does no damage.
You feel drained. The orc closely misses your ice beast.
The orc priest barely misses your ice beast.
You sock something!
Your tail-slap misses something.
You are engulfed in a cloud of scalding steam.
* * * LOW HITPOINT WARNING * * *
Your ice beast hits the orc priest but does no damage.
You hear some strange, mumbled words.
A puff of flame appears from out of thin air!
The puff of flame hits you!
You die... "Boring in life, boring in death..."

######..###....# .......
#..## ###..# .......
#..# ##.. ....... ##[.#
##. ...o... #..## #.
.......## ##..# ##.
#..... ........# #..##
###.. ......
.......{###..# ##....
..... ....oY[@..ยงยง.##
###..... ....
....o.....##..###.......
..#
........#####...........
.# .......##
##.........# .## .......
#.......### ..# ......#
#......## ..# ......
##...### ...# ......
#..## #...# .... ##.##


You could see an orc priest (distracted, ally target), 2 orcs and a friendly ice
beast (summoned).

Vanquished Creatures
  Sigmund (D:2)
  An ogre (D:4)
  4 crimson imps (D:3)
  A jelly (D:4)
  An orc wizard (D:4)
  3 gnolls (D:4)
  6 adders
  2 dart slugs
  5 orcs
  6 ball pythons
  6 endoplasms
  5 giant cockroaches
  11 hobgoblins
  2 jackals (D:1)
  6 kobolds
  4 quokkas
  5 bats
  9 goblins
  3 rats
81 creatures vanquished.

Vanquished Creatures (collateral kills)
  A steam dragon (D:4)
1 creature vanquished.

Grand Total: 82 creatures vanquished

Notes
Turn   | Place    | Note
-------+----------+-------------------------------------------
     0 | D:1      | ThatPearl the Armataur Fighter began the quest for the Orb.
     0 | D:1      | Reached XP level 1. HP: 19/19 MP: 1/1
   132 | D:1      | Reached XP level 2. HP: 26/26 MP: 2/2
   343 | D:1      | Reached XP level 3. HP: 33/33 MP: 3/3
   654 | D:2      | Noticed Sigmund
   662 | D:2      | Killed Sigmund
   663 | D:2      | Reached XP level 4. HP: 11/42 MP: 4/4
   663 | D:2      | Reached XP level 5. HP: 12/49 MP: 5/5
  1445 | D:3      | Found a shimmering altar of Xom.
  1455 | D:3      | Reached XP level 6. HP: 54/56 MP: 6/6
  1515 | D:3      | Became a worshipper of Xom of Chaos
  1883 | D:3      | XOM: silly message
  1942 | D:4      | XOM: potion effect (invisibility)
  1949 | D:4      | Reached skill level 5 in Fighting
  1992 | D:4      | XOM: divination: magic mapping
  2023 | D:4      | Found a shimmering blue altar of Sif Muna.
  2076 | D:4      | XOM: silly message
  2146 | D:4      | Reached XP level 7. HP: 63/65 MP: 7/7
  2236 | D:4      | XOM: silly message
  2345 | D:4      | XOM: potion effect (might)
  2349 | D:4      | Reached skill level 5 in Maces & Flails
  2405 | D:4      | Noticed a steam dragon
  2415 | D:4      | XOM: cast spell 'Summon Ice Beast'
  2416 | D:4      | Killed a steam dragon
  2419 | D:4      | Killed from afar by an orc wizard

Illustrated notes

Levels and vault maps discovered:
D:1:      dpeg_arrival_tiny_a, layout_rooms, serial_glass, glass_columns_b,
          glass_columns_a, glass_columns_c, glass_columns_a, glass_columns_b,
          glass_columns_c
D:2:      layout_basic, uniq_sigmund
D:3:      layout_basic, led_xom_imps
D:4:      layout_layer_cave, mainiacjoe_overflow_24_doors,
          makhleb_heckhound_becter, mainiacjoe_overflow_small_starburst,
          minmay_temple_entry_enclosed_plants, minmay_ruptured

Skill      XL: |  1  2  3  4  5  6  7 |
---------------+----------------------+-----
Fighting       | 3 4 5 |  5.8
Armour         | 4 |  4.1
Maces & Flails | 2 3 4 5 |  5.3
Shields        | |  3.7

Action                     |  1- 3 |  4- 6 |  7- 9 || total
---------------------------+-------+-------+-------++-------
  Melee: Flail             |    85 |   117 |    42 ||   244
         Tailslap          |    15 |    14 |     8 ||    37
  Throw: Dart              |       |     1 |       ||     1
    Use: Potion            |     1 |       |       ||     1
 Armour: Scale mail        |    45 |    86 |    23 ||   154
  Dodge: Dodged            |    31 |    46 |    10 ||    87
  Block: Buckler           |    13 |    49 |    13 ||    75

Table legend: (Time is in decaauts)
 A = Elapsed time spent in this place.
 B = Non-inter-level travel time spent in this place.
 C = Inter-level travel time spent in this place.
 D = Time resting spent in this place.
 E = Time spent auto-exploring this place.
 F = Levels seen in this place.
 G = Mean time per level.
                   A        B        C        D        E       F      G
               +--------+--------+--------+--------+--------+-----+--------+
         Total |   2481 |   2396 |     85 |    162 |   1513 |   4 |  620.2 |
       Dungeon |   2481 |   2396 |     85 |    162 |   1513 |   4 |  620.2 |
               +--------+--------+--------+--------+--------+-----+--------+

Top non-repeatable levels by time:
     D:3: 835 daAuts
     D:2: 744 daAuts
     D:1: 467 daAuts
     D:4: 434 daAuts
